 Dungeon Crawl Stone Soup version 0.31-a0-640-g39d97e502b (webtiles) character file.

Game seed: 9289825207994791875

463 MackTheKnife the Magician (level 6, -5/34 HPs)
             Began as a Deep Elf Wanderer on Aug 27, 2023.
             Killed from afar by Ijyb (8 damage)
             ... with a puff of flame
             ... on level 4 of the Dungeon.
             The game lasted 00:08:02 (3284 turns).

MackTheKnife the Magician (Deep Elf Wanderer)       Turns: 3284, Time: 00:08:03

Health: -5/34      AC:  7    Str: 15    XL:     6   Next: 79%
Magic:  4/17       EV: 13    Int: 19    God:
Gold:   110        SH:  4    Dex: 13    Spells: 11/17 levels left

rFire   . . .        v - +4 dagger of Beogh's Grace {pain, rElec rPois rC+ Str+5, short}
rCold   + . .        m - +0 buckler
rNeg    . . .        i - +0 steam dragon scales
rPois   +            a - +0 helmet
rElec   +            f - +0 cloak
rCorr   .            (no gloves)
SInv    .            (no boots)
Will    .....        (no amulet)
Stlth   +            l - ring of wizardry
HPRegen 0.25/turn    t - ring of poison resistance
MPRegen 0.15/turn

%: wizardry (x1)
@: no status effects
A: no striking features
a: no special abilities


You were on level 4 of the Dungeon.
You visited 1 branch of the dungeon, and saw 4 of its levels.

You collected 110 gold pieces.


   Skills:
 - Level 1.0 Fighting
 - Level 4.8 Dodging
 + Level 2.8 Shields
 + Level 6.3 Spellcasting
 + Level 2.2 Conjurations
 - Level 4.5 Summonings
 - Level 1.0 Invocations


You had 11 spell levels left.
You knew the following spells:

 Your Spells              Type           Power      Damage    Failure   Level
a - Summon Small Mammal   Summ           92%        N/A       1%          1
b - Call Canine Familiar  Summ           23%        N/A       2%          3
c - Searing Ray           Conj           28%        2d5       3%          2

Your spell library contained the following spells:

 Spells                   Type           Power      Damage    Failure   Level
 Magic Dart               Conj           56%        1d5       2%          1
 Necrotise                Necr           24%        1d5       6%          1
 Vampiric Draining        Necr           6%         2d6       17%         3
 Fulminant Prism          Conj/Hex       5%         3d7       32%         4
 Agony                    Necr           6%         N/A       82%         5

Inventory:

Hand Weapons
 v - the +4 dagger of Beogh's Grace (weapon) {pain, rElec rPois rC+ Str+5, short}
   (You found it on level 3 of the Dungeon)

   Str+5:     It affects your strength (+5).
   rC+:       It protects you from cold.
   rElec:     It insulates you from electricity.
   rPois:     It protects you from poison
Missiles
 b - 3 throwing nets {=f!fthrowing}
Armour
 a - a +0 helmet (worn)
   (You took it off Robin on level 3 of the Dungeon)
 f - a +0 cloak (worn)
   (You found it on level 1 of the Dungeon)
 i - +0 steam dragon scales (worn)
   (You found it on level 1 of the Dungeon)
 j - an orb of energy
   (You found it on level 1 of the Dungeon)
 m - a +0 buckler (worn)
   (You found it on level 2 of the Dungeon)
Jewellery
 l - a ring of wizardry (left hand)
   (You found it on level 1 of the Dungeon)
 n - a ring of resist corrosion
   (You found it on level 2 of the Dungeon)
 t - a ring of poison resistance (right hand)
   (You found it on level 2 of the Dungeon)
Scrolls
 g - 5 scrolls of identify {unknown}
 h - 2 scrolls of enchant weapon {unknown}
 p - a scroll of amnesia {unknown}
 q - a scroll of enchant armour {unknown}
 r - a scroll of acquirement {unknown}
 s - a scroll of summoning {unknown}
Potions
 c - 3 potions of lignification {!q}
 d - a potion of curing {@q1}
 e - a potion of heal wounds {unknown}
 k - a potion of ambrosia {unknown}
 o - a potion of degeneration {unknown}

Dungeon Overview and Level Annotations

Branches:
Dungeon (4/15) Zot: 20703
 Temple: D:4-7

Altars:
Cheibriados

Annotations:
D:4 Ijyb

#.....<........#
#######.######.#
#.# #.# #.# #
#.# #.# #.# .o
#g###.#


#@hooo# #####.# # You could see Ijyb, 3 orcs and a friendly hound (summoned).


Message History

😕 HP[-2] MP[+1]
You take 2 damage, and now have 28/34 hp.
You swap places.
Ijyb barely misses your hound.
Your hound closely misses Ijyb.
Your hound bites Ijyb but does no damage.
Ijyb closely misses your hound.
Your hound bites Ijyb but does no damage. 😕 HP[+1]
Your hound barely misses Ijyb.
Ijyb hits your hound but does no damage.
You hear the brisk rusting of a drain nearby.
Your hound closely misses Ijyb.
Ijyb misses your hound.
Your hound bites Ijyb.
Ijyb hits your hound with a +0 dagger!
Your hound bites Ijyb but does no damage.
Your hound bites Ijyb but does no damage.
Ijyb zaps a wand.
The puff of flame hits your hound!
Your hound dies!
Your hound's corpse disappears in a puff of smoke!
Ijyb shouts! 😕 HP[+1] MP[+1]
You hear a shout!
Ijyb zaps a wand.
The puff of flame misses you.
You hear a shout!
Ijyb zaps a wand.
The puff of flame hits you! 😮 HP[-8]
You take 8 damage, and now have 22/34 hp.
MASSIVE DAMAGE!! (PAUSE) Unknown command. 😮 HP[+1]
An orc comes into view. It is wielding a +0 war axe.
The orc shouts!
An orc comes into view. It is wielding a +0 flail.
Casting: Call Canine Familiar (dangerous; 2% risk of failure)
Confirm with . or Enter, or press ? or * to list all spells.
Ijyb hits your hound with a +0 dagger.
An orc comes into view. It is wielding a +0 mace. 😮 MP[-3]
You lost 3 mp, and now have 5/17 mp.
Unknown command.
You swap places.
Ijyb screams, "It's all mine!"
Ijyb zaps a wand.
The puff of flame hits you!
* * * LOW HITPOINT WARNING * * *
The orc moves out of view. 😨 HP[-10] MP[+1]
You take 10 damage, and now have 13/34 hp.
MASSIVE DAMAGE!! (PAUSE) Ijyb hits you with a +0 dagger.
* * * LOW HITPOINT WARNING * * *
Your hound barely misses Ijyb. 😨 HP[-2]
You take 2 damage, and now have 11/34 hp.
Unknown command.
You barely miss Ijyb. Ijyb misses you.
Your hound misses Ijyb.
The orc hits your hound with a +0 war axe.
Unknown command.
You hit Ijyb but do no damage.
Your hound bites Ijyb but does no damage.
Ijyb closely misses your hound. The orc barely misses your hound.
Your hound closely misses Ijyb.
Unknown command.
You hit Ijyb. Ijyb hits you with a +0 dagger.
* * * LOW HITPOINT WARNING * * *
Your hound barely misses Ijyb.
The orc hits your hound with a +0 war axe. 😨 HP[-2]
You take 2 damage, and now have 9/34 hp.
Unknown command.
You hit Ijyb.
Your hound bites Ijyb.
Ijyb zaps a wand.
The puff of flame misses you. The orc barely misses your hound.
Your hound barely misses Ijyb. 😨 HP[+1]
You barely miss Ijyb.
Your hound completely misses Ijyb.
Ijyb hits you but does no damage. The orc barely misses your hound.
Your hound closely misses Ijyb. 😨 MP[+1] Unknown command.
You hit Ijyb.
Ijyb zaps a wand.
The puff of flame hits you!
* * * LOW HITPOINT WARNING * * *
The orc hits your hound with a +0 war axe!
Your hound dies!
Your hound's corpse disappears in a puff of smoke! 😱 HP[-7]
You take 7 damage, and now have 3/34 hp.
MASSIVE DAMAGE!! (PAUSE) Unknown command.
Unknown command.
Unknown command.
Unknown command.
Casting: Call Canine Familiar (dangerous; 2% risk of failure)
Confirm with . or Enter, or press ? or * to list all spells.
Ijyb zaps a wand.
The puff of flame hits you!
You die...

Skill      XL: |  1  2  3  4  5  6 |
---------------+-------------------+-----
Summonings     | 3 4 |  4.5
Spellcasting   | 4 5 6 |  6.3
Shields        | 1 2 |  2.8
Conjurations   | 2 |  2.2
Fighting       | |  1.0
Dodging        | |  4.8
Invocations    | |  1.0

Action                     |  1- 3 |  4- 6 || total
---------------------------+-------+-------++-------
  Melee: Dagger            |   125 |   151 ||   276
   Cast: Summon Small Mamm |    53 |    14 ||    67
         Call Canine Famil |     4 |    33 ||    37
   Stab: Distracted        |       |     1 ||     1
         Sleeping          |       |     1 ||     1
 Armour: Leather armour    |    10 |       ||    10
         Steam dragon scal |    36 |    48 ||    84
  Dodge: Dodged            |    98 |   103 ||   201
  Block: Buckler           |     2 |    29 ||    31

Levels and vault maps discovered:
D:1:      erik_arrival_blinker_ship, layout_rooms, shapermc_ecumenical_altar_gd,
          grunt_decor_resistance
D:2:      layout_rooms
D:3:      layout_basic, dilly_guarded_unrand_morg, uniq_robin
D:4:      layout_loops_ring, mainiacjoe_overflow_small_starburst,
          gup_sewer_entry_spiral, uniq_ijyb

Notes
Turn   | Place    | Note
-------+----------+-------------------------------------------
     0 | D:1      | MackTheKnife the Deep Elf Wanderer began the quest for the
                  | Orb.
     0 | D:1      | MackTheKnife set off with the following items: a +0 dagger
                  | {short}, 3 throwing nets {=f!fthrowing}, a potion of
                  | lignification {!q}, a potion of curing {@q1}, a +0 leather
                  | armour; and the following spell memorised: Summon Small
                  | Mammal; and the following spells available to memorise:
                  | Call Canine Familiar.
     0 | D:1      | Reached XP level 1. HP: 12/12 MP: 6/6
     0 | D:1      | magus.rc [v1.9.6]
    21 | D:1      | Found a faded altar of an unknown god.
   148 | D:1      | Reached XP level 2. HP: 15/16 MP: 4/8
   556 | D:1      | Reached skill level 3 in Summonings
   648 | D:1      | Reached skill level 4 in Spellcasting
   884 | D:2      | Reached XP level 3. HP: 20/20 MP: 7/10
   913 | D:1      | Learned a level 3 spell: Call Canine Familiar
  1427 | D:2      | You pick up a book of Conjurations {@e2} and begin
                  | reading...
  1427 | D:2      | You add the spells Magic Dart, Searing Ray and Fulminant
                  | Prism to your library.
  1492 | D:2      | Reached XP level 4. HP: 25/25 MP: 8/12
  1790 | D:3      | Reached skill level 1 in Shields
  2109 | D:3      | Reached skill level 4 in Summonings
  2148 | D:3      | Reached skill level 5 in Spellcasting
  2148 | D:3      | Reached XP level 5. HP: 29/29 MP: 12/14
  2158 | D:3      | Noticed Natasha
  2168 | D:3      | Killed Natasha
  2251 | D:3      | Noticed Robin
  2289 | D:3      | Reached skill level 2 in Shields
  2294 | D:3      | Killed Robin
  2389 | D:3      | Identified the +4 dagger of Beogh's Grace {pain, rElec
                  | rPois rC+ Str+5}
  2395 | D:3      | You pick up a book of Necromancy and begin reading...
  2395 | D:3      | You add the spells Necrotise, Vampiric Draining and Agony
                  | to your library.
  2399 | D:3      | Learned a level 2 spell: Searing Ray
  2652 | D:3      | Noticed Natasha
  2668 | D:3      | Killed Natasha
  2669 | D:3      | Reached XP level 6. HP: 28/34 MP: 11/16
  2858 | D:3      | Noticed Natasha
  2864 | D:3      | Killed Natasha
  2865 | D:3      | Reached skill level 1 in Conjurations
  3001 | D:4      | Reached skill level 6 in Spellcasting
  3161 | D:4      | Found a snail-covered altar of Cheibriados.
  3198 | D:4      | Reached skill level 2 in Conjurations
  3227 | D:4      | Noticed Ijyb
  3283 | D:4      | HP: 3/34 [Ijyb/puff of flame (7)]
  3284 | D:4      | Killed from afar by Ijyb

Vanquished Creatures
  A hound (D:4)
  An iguana (D:4)
  Natasha (twice) (D:3)
  A hound skeleton (D:3)
  2 adders
  An ufetubus (D:4)
  An adder skeleton (D:3)
  A dart slug (D:3)
  An orc (D:3)
  2 bats
  6 endoplasms
  A giant cockroach (D:1)
  5 goblins
  6 hobgoblins
  2 jackals (D:1)
  2 quokkas (D:1)
  5 ball pythons
  4 frilled lizards
  6 kobolds
  A quokka skeleton (D:3)
  2 rats (D:3)
53 creatures vanquished.

Vanquished Creatures (collateral kills)
  A jelly (D:4)
  A scorpion zombie (D:3)
  Natasha (D:3)
  2 iguanas (D:4)
  An orc wizard (D:3)
  A hound zombie (D:3)
  A howler monkey zombie (D:3)
  Robin (D:3)
  3 adders
  3 orcs (D:3)
  2 ball pythons (D:4)
  5 bats
  4 endoplasms (D:2)
  8 goblins (D:3)
  4 hobgoblins
  3 jackals
  2 frilled lizards (D:1)
  4 kobolds
  2 rats (D:1)
49 creatures vanquished.

Grand Total: 102 creatures vanquished

Table legend:
 A = Non-vault XP
 B = Vault XP
 C = Vault XP percentage of total XP
 D = Non-vault monster count
 E = Vault monster count
 F = Vault count percentage of total count
                 A         B        C        D         E       F
            +---------+---------+-------+---------+---------+-------
      Total |     494 |     168 |  25.4 |      84 |      18 |  17.6
            +---------+---------+-------+---------+---------+-------
        D:1 |      40 |       0 |   0.0 |      25 |       0 |   0.0
        D:2 |      57 |       0 |   0.0 |      20 |       0 |   0.0
        D:3 |     170 |     168 |  49.7 |      26 |      18 |  40.9
        D:4 |     227 |       0 |   0.0 |      13 |       0 |   0.0
            +---------+---------+-------+---------+---------+-------

Skill      XL: |  1  2  3  4  5  6 |
---------------+-------------------+-----
Summonings     | 3 4 |  4.5
Spellcasting   | 4 5 6 |  6.3
Shields        | 1 2 |  2.8
Conjurations   | 2 |  2.2
Fighting       | |  1.0
Dodging        | |  4.8
Invocations    | |  1.0

Action                     |  1- 3 |  4- 6 || total
---------------------------+-------+-------++-------
  Melee: Dagger            |   125 |   151 ||   276
   Cast: Summon Small Mamm |    53 |    14 ||    67
         Call Canine Famil |     4 |    33 ||    37
   Stab: Distracted        |       |     1 ||     1
         Sleeping          |       |     1 ||     1
 Armour: Leather armour    |    10 |       ||    10
         Steam dragon scal |    36 |    48 ||    84
  Dodge: Dodged            |    98 |   103 ||   201
  Block: Buckler           |     2 |    29 ||    31

Illustrated notes

Table legend:
 A = Kills in this place as a percentage of kills in the entire game.
 B = Kills by you in this place as a percentage of kills by you in the entire game.
 C = Kills by friends in this place as a percentage of kills by friends in the entire game.
 D = Other kills in this place as a percentage of other kills in the entire game.
 E = Experience gained in this place as a percentage of experience gained in the entire game.
 F = Experience gained in this place divided by the number of levels of this place that you have seen.
                   A       B       C       D       E      F
               +-------+-------+-------+-------+-------+----------------------
         Total | 100.0 | 100.0 | 100.0 |   N/A | 100.0 | 165.5
       Dungeon | 100.0 | 100.0 | 100.0 |   N/A | 100.0 | 165.5
               +-------+-------+-------+-------+-------+----------------------

Table legend: (Time is in decaauts)
 A = Elapsed time spent in this place.
 B = Non-inter-level travel time spent in this place.
 C = Inter-level travel time spent in this place.
 D = Time resting spent in this place.
 E = Time spent auto-exploring this place.
 F = Levels seen in this place.
 G = Mean time per level.
                   A        B        C        D        E       F      G
               +--------+--------+--------+--------+--------+-----+--------+
         Total |   3295 |   3192 |    103 |    160 |   2076 |   4 |  823.8 |
       Dungeon |   3295 |   3192 |    103 |    160 |   2076 |   4 |  823.8 |
               +--------+--------+--------+--------+--------+-----+--------+

Top non-repeatable levels by time:
     D:3: 1303 daAuts
     D:1: 886 daAuts
     D:2: 735 daAuts
     D:4: 370 daAuts
